 Dungeon Crawl Stone Soup version 0.22-a0-603-gfc1114d (webtiles) character file.

1276 Amnesiac the Covert (level 8, -1/37 HPs)
             Began as a Spriggan Artificer on July 7, 2018.
             Was an Initiate of Ru.
             Killed themself with a badly aimed iceblast (10 damage)
             ... on level 4 of the Dungeon.
             The game lasted 00:14:49 (4739 turns).

Amnesiac the Covert (Spriggan Artificer)            Turns: 4739, Time: 00:14:50

Health: -1/37      AC:  6    Str: 10    XL:     8   Next: 28%
Magic:  14/14      EV: 19    Int: 13    God:    Ru [......]
Gold:   146        SH:  0    Dex: 16    Spells: 7/7 levels left

rFire    . . .     SeeInvis +   a - +0 short sword
rCold    + + .     Gourm    .   (shield restricted)
rNeg     . . .     Faith    .   i - +2 robe {rC+}
rPois    .         Spirit   .   r - +2 hat
rElec    .         Reflect  .   (no cloak)
rCorr    .         Harm     .   (gloves unavailable)
MR       +....                  (boots unavailable)
Stlth    ++++......             (no amulet)
HPRegen  0.12/turn              h - ring of protection from cold
MPRegen  0.14/turn              (no ring)

@: very quick
A: very small, unfitting armour, see invisible, herbivore, speed 3, slow
metabolism 2
a: Renounce Religion


You were on level 4 of the Dungeon.
You worshipped Ru.
Ru was noncommittal.
You were not hungry.

You visited 2 branches of the dungeon, and saw 7 of its levels.

You collected 146 gold pieces.

Inventory:

Hand Weapons
 a - a +0 short sword (weapon)
 s - a +1 hand axe of flaming
 t - a cursed -2 long sword
 v - a +0 rapier
Missiles
 u - 9 tomahawks of returning (quivered)
Armour
 i - a +2 robe of cold resistance (worn)
 r - a +2 hat (worn)
Jewellery
 h - a ring of protection from cold (left hand)
Wands
 d - a wand of enslavement (7)
 w - a wand of random effects (12)
Scrolls
 k - a scroll of blinking {!r, unknown}
 l - a scroll of fear {!r, unknown}
 m - a scroll of fog {!r, unknown}
 o - a scroll of enchant armour {!r, unknown}
Potions
 b - a potion of cancellation {!q, unknown}
 g - 4 potions of curing {!q, unknown}
 j - a potion of ambrosia {!q}
 n - a potion of might {!q, unknown}
 p - a potion of lignification {!q}
Comestibles
 f - 5 rations


   Skills:
 - Level 0.7 Fighting
 - Level 8.0 Short Blades
 + Level 3.9 Dodging
 - Level 8.0 Stealth
 * Level 6.9 Evocations


You had 7 spell levels left.
You didn't know any spells.
Your spell library was empty.

Dungeon Overview and Level Annotations

Branches:
Dungeon (6/15)             Temple (1/1) D:6

Altars:
Ashenzari
Cheibriados
Dithmenos
Elyvilon
Fedhas
Hepliaklqana
Makhleb
Okawaru
Qazlal
Ru
Sif Muna
Trog
Uskayaw
Wu Jian
Xom
Yredelemnul
Zin
The Shining One

Shops:
D:6 [

Annotations:
D:5 1 runed door, DrakeDragon's ghost, novice HOMo


Innate Abilities, Weirdness & Mutations

You are very small and have problems with some larger weapons.
You are too small for most types of armour.
You have supernaturally acute eyesight. (SInv)
You are a herbivore.
You cover ground extremely quickly.
You need to consume almost no food.


Message History

Aiming: Random Effects
Press: ? - help, Shift-Dir - straight line, f - jelly
Aim: a jelly The puff of frost hits the jelly.
The jelly is heavily wounded.
The jelly completely misses you.
You hit the jelly. The acid corrodes you!
Your hands burn!
The jelly is severely wounded.
You hit the jelly but do no damage.
Your hands burn!
The jelly is severely wounded.
The jelly barely misses you.
You hit the jelly but do no damage.
Your hands burn!
The jelly is severely wounded.
The jelly hits you.
You are splashed with acid!
The acid burns!
You hit the jelly.
You kill the jelly!
There is a stone staircase leading up here.
There is an escape hatch in the ceiling here.
Magic restored.
A mysterious force pulls you upwards. The hatch slams shut behind you.
Evoke which item? (* to show all) (? for menu, Esc to quit)
Aiming: Random Effects
Press: ? - help, Shift-Dir - straight line, f - orc priest
Aim: an orc priest, wielding a dagger and wearing a leather armour (hasn't noticed you)
The orc priest shouts!
The orc priest seems to speed up.
You hear a shout! x2
Evoke which item? (* to show all) (? for menu, Esc to quit)
Aiming: Random Effects
Press: ? - help, Shift-Dir - straight line, f/p - orc priest
Aim: an orc priest, wielding a dagger and wearing a leather armour (fast)
The bolt of poison hits the orc priest.
The orc priest is heavily wounded.
The orc priest calls down the wrath of Beogh upon you.
Beogh smites you!
* * * LOW HITPOINT WARNING * * *
Evoke which item? (* to show all) (? for menu, Esc to quit)
Aiming: Random Effects
Press: ? - help, Shift-Dir - straight line, f/p - orc priest
Aim: an orc priest, wielding a dagger and wearing a leather armour (heavily wounded, fast)
The orc priest twists and deforms.
Evoke which item? (* to show all) (? for menu, Esc to quit)
Aiming: Random Effects
Press: ? - help, Shift-Dir - straight line, f/p - orc priest
Aim: an orc priest, wielding a dagger and wearing a leather armour (heavily wounded, fast, misshapen and mutated)
The orc priest looks slightly unstable.
You are no longer corroded.
The orc priest completely misses you. The orc priest hits you with a dagger.
* * * LOW HITPOINT WARNING * * *
Evoke which item? (* to show all) (? for menu, Esc to quit)
Aiming: Random Effects
Press: ? - help, Shift-Dir - straight line, f/p - orc priest
Aim: an orc priest, wielding a dagger and wearing a leather armour (heavily wounded, fast, misshapen and mutated)
The orc priest struggles to resist.
The orc priest closely misses you.
Evoke which item? (* to show all) (? for menu, Esc to quit)
Aiming: Random Effects
Press: ? - help, Shift-Dir - straight line, f/p - orc priest
Aim: an orc priest, wielding a dagger and wearing a leather armour (heavily wounded, fast, misshapen and mutated)
The mass of ice explodes!
The iceblast engulfs the orc priest.
You kill the orc priest!
The iceblast engulfs the orc.
You kill the orc!
The iceblast engulfs you! You partially resist.
You die...

####....#....#.#########.........
####.........#.# ###+#.....
[...........##.###########.#.....
#####.>o...........hh............
####...######.######....#.#.h...
#...........#.#....#.##.#.#.....
#.......O...#.#....#.##.#.#)...h
#...........#.#....#h##.#.#.....
##.#........#.#@...#.h.h.h#..h[.
###.####.###.#..)...####.........
....####.###o#......########.....
##..........O#......'...........#
##.##........#.....#.#######...#
##.##........###.........###...#
#...+........##..#######..##...#
#..##........##.###.⌠.###.##...#
##.......###'###.##.....##.##..(#


There were no monsters in sight!

Vanquished Creatures
  A hungry ghost (D:6)
  Menkaure (D:5)
  A sky beast (D:6)
  A phantom (D:4)
  An ogre (D:6)
  2 bullfrogs (D:6)
  A scorpion (D:6)
  A wight (D:6)
  2 crimson imps
  A quasit (D:6)
  2 hounds (D:6)
  An orc priest (D:4)
  A jelly (D:5)
  A bullfrog skeleton (D:5)
  4 worker ants
  A hound skeleton (D:4)
  Robin (D:2)
  3 gnolls (D:6)
  5 adders
  A worm (D:5)
  13 orcs
  A ball python (D:4)
  2 giant cockroaches
  7 goblins (D:2)
  5 hobgoblins (D:2)
  4 jackals (D:4)
  A kobold (D:3)
  A quokka (D:2)
  2 bats (D:2)
  A frilled lizard (D:4)
  A jackal skeleton (D:4)
  2 rats (D:2)
72 creatures vanquished.

Vanquished Creatures (collateral kills)
  A hound (D:4)
  A worker ant (D:4)
  An adder (D:6)
  A giant cockroach (D:6)
  2 jackals (D:4)
6 creatures vanquished.

Vanquished Creatures (others)
  An ogre (D:4)
  A centaur (D:6)
  A worker ant (D:4)
  A howler monkey zombie (D:6)
4 creatures vanquished.

Grand Total: 82 creatures vanquished

Notes
Turn   | Place    | Note
-------+----------+-------------------------------------------
     0 | D:1      | Amnesiac the Spriggan Artificer began the quest for the Orb.
     0 | D:1      | Reached XP level 1. HP: 9/9 MP: 4/4
   174 | D:2      | Found a glowing silver altar of Zin.
   174 | D:2      | Noticed Robin
   181 | D:2      | Reached XP level 2. HP: 7/14 MP: 6/6
   182 | D:2      | Reached skill level 5 in Evocations
   200 | D:2      | Killed Robin
   200 | D:2      | Reached XP level 3. HP: 7/17 MP: 8/8
   710 | D:4      | Noticed a phantom
   752 | D:4      | Killed a phantom
   752 | D:4      | Reached XP level 4. HP: 21/21 MP: 9/9
   752 | D:4      | Reached XP level 5. HP: 25/25 MP: 10/10
   817 | D:4      | Noticed an ogre
  1848 | D:4      | Reached XP level 6. HP: 16/29 MP: 11/11
  2132 | D:5      | Entered Level 5 of the Dungeon
  2134 | D:5      | Noticed Menkaure
  2143 | D:5      | Killed Menkaure
  2143 | D:5      | Reached skill level 5 in Short Blades
  2143 | D:5      | Reached skill level 5 in Stealth
  2272 | D:5      | Found a runed door.
  2273 | D:5      | Noticed DrakeDragon's ghost (novice HOMo)
  2283 | D:5      | Noticed a sky beast
  3471 | D:5      | Found a snail-covered altar of Cheibriados.
  3630 | D:6      | Noticed a hungry ghost
  3689 | D:6      | Killed a hungry ghost
  3689 | D:6      | Reached XP level 7. HP: 29/32 MP: 12/12
  4090 | D:6      | Found Diyshaz's Antique Armour Emporium.
  4223 | D:6      | Found an iron altar of Okawaru.
  4256 | D:6      | Reached XP level 8. HP: 33/37 MP: 13/13
  4270 | D:6      | Found a staircase to the Ecumenical Temple.
  4396 | Temple   | Entered the Ecumenical Temple
  4570 | Temple   | Became a worshipper of Ru the Awakened
  4739 | D:4      | Killed themself with a badly aimed iceblast

Vault maps used:
D:1:      lemuel_arrival_river_bridge
D:2:      nicolae_overflow_crystal_walls, uniq_terence, uniq_robin
D:3:      first_ration, grunt_gozag_breadcrumbs
D:4:      cheibrodos_pilgrimage
D:5:      cheibrodos_worm_habitat, ebering_ghost_reflecting_pool, uniq_menkaure
D:6:      temple_statues, basic_altar, serial_shops, nicolae_shop_trees
Temple:   regret_index_temple_sphere_string

Skill      XL: |  1  2  3  4  5  6  7  8 |
---------------+-------------------------+-----
Evocations     | 5 6 |  6.9
Stealth        | 3 4 6 7 8 |  8.0
Short Blades   | 3 4 6 7 8 |  8.0
Fighting       | |  0.7
Dodging        | |  3.9

Action                   |  1- 3 |  4- 6 |  7- 9 || total
-------------------------+-------+-------+-------++-------
Melee: Short sword       |    37 |   212 |   100 ||   349
       Unarmed           |    20 |       |       ||    20
Evoke: Wand              |    16 |    25 |    21 ||    62
  Use: Scroll            |     2 |       |     1 ||     3
       Potion            |     1 |       |     1 ||     2
 Stab: Paralysed         |     2 |       |     2 ||     4
       Sleeping          |       |     2 |     4 ||     6
  Eat: Ration            |       |     3 |       ||     3
Armor: Skin              |    23 |       |       ||    23
       Robe              |     5 |    28 |    24 ||    57
Dodge: Dodged            |    50 |   155 |    94 ||   299

Table legend:
 A = Spawn XP
 B = Non-spawn XP
 C = Spawn XP percentage of total XP
 D = Spawn monster count
 E = Non-spawn monster count
 F = Spawn count percentage of total count
 G = Total turns spent on level
                    A         B        C        D         E        F      G
               +---------+---------+-------+---------+---------+-------+---------
         Total |       0 |    1823 |   0.0 |       0 |      78 |   0.0 |  4739
               +---------+---------+-------+---------+---------+-------+---------
           D:2 |       0 |      71 |   0.0 |       0 |      21 |   0.0 |   360
           D:3 |       0 |       2 |   0.0 |       0 |       1 |   0.0 |    60
           D:4 |       0 |     434 |   0.0 |       0 |      29 |   0.0 |  2096
           D:5 |       0 |     319 |   0.0 |       0 |      10 |   0.0 |   792
           D:6 |       0 |     947 |   0.0 |       0 |      16 |   0.0 |   939
        Temple |       0 |      50 |   0.0 |       0 |       1 |   0.0 |   217
               +---------+---------+-------+---------+---------+-------+---------
